 Dungeon Crawl Stone Soup version 0.31.0-11-ge490571c62 (webtiles) character file.

Game seed: 2134616260926487875

27 qw the Shooter (level 2, -1/14 HPs)
             Began as a Spriggan Hunter on Feb 5, 2024.
             Slain by an orc
             ... wielding a +0 flail
              (9 damage)
             ... on level 1 of the Dungeon.
             The game lasted 00:00:49 (876 turns).

qw the Shooter (Spriggan Hunter)                     Turns: 876, Time: 00:00:50

Health: -1/14      AC:  2    Str:  7    XL:     2   Next: 93%
Magic:  3/3        EV: 19    Int: 10    God:
Gold:   25         SH:  0    Dex: 18    Spells: 1/1 levels left

rFire   . . .        a - +0 shortbow
rCold   . . .        (shield currently unavailable)
rNeg    . . .        c - +0 robe
rPois   .            (helmet restricted)
rElec   .            (no cloak)
rCorr   .            (gloves unavailable)
SInv    +            (boots unavailable)
Will    .....        h - amulet of the acrobat
Stlth   ++           (no ring)
HPRegen 0.22/turn    (no ring)
MPRegen 0.08/turn

%: acrobat
@: very quick
A: very small, no large weapons, unfitting armour, see invisible, speed 3
a: no special abilities


You were on level 1 of the Dungeon.
You visited 1 branch of the dungeon, and saw 2 of its levels.

You collected 25 gold pieces.


Innate Abilities, Weirdness & Mutations

You are very small and have problems with some larger weapons.
You are too small for most types of armour.
You have supernaturally acute eyesight. (SInv)
You cover ground extremely quickly. (Speed+++)


   Skills:
 - Level 1.5 Fighting
 + Level 4.4 Ranged Weapons
 - Level 4.0 Dodging
 - Level 1.5 Stealth


You had one spell level left.
You didn't know any spells.
Your spell library was empty.

Inventory:

Hand Weapons
 a - a +0 shortbow (weapon)
Armour
 c - a +0 robe (worn)
Jewellery
 h - an amulet of the acrobat (around neck)
Potions
 i - 2 potions of resistance

Dungeon Overview and Level Annotations

Branches:
Dungeon (2/15)

Altars:


Message History

As you read the scroll of identify, it crumbles to dust.
i - 2 potions of resistance Done exploring.
839 ||| DROPPING scroll of butterflies.
You drop a scroll of butterflies.
Done exploring.
840 ||| DROPPING potion of lignification.
You drop a potion of lignification.
Done exploring.
What level of the Dungeon? (default 1, ? - help)
You swap places.
You see here a +0 ring mail.
There is an open door here.
There is a stone staircase leading down here.
You climb downwards.
There is a stone staircase leading up here.
There are monsters nearby!
Waypoint 1 assigned to D:2.
870 ||| STAIRDANCE The adder hisses angrily.
The orc shouts!
The orc wizard shouts! x2
You hear an angry hiss.
You hear a shout!
The orc misses you.
The orc wizard hits you with a +0 dagger.
You climb upwards.
There is a stone staircase leading down here.
You climb downwards.
The orc wizard hits you with a +0 dagger.
The orc hits you with a +0 flail. The orc closely misses you.
There is a stone staircase leading up here.
874 ||| STAIRDANCE The orc barely misses you.
The orc wizard hits you with a +0 dagger.
The orc closely misses you.
You climb upwards.
There is a stone staircase leading down here.
You shoot an arrow. The arrow barely misses the orc.
The arrow hits the orc wizard.
The orc wizard is moderately wounded.
The orc hits you with a +0 flail!
Ouch! That really hurt!
You die...

### ### #.# #.#
###.###.### ###########
#.......#.. #.........#
#.#.###.#.#
#.#######.######.#.###...#
#.# #.#...##.#........ #.#
#o#......#........ #.#
#@oo.............. #.#
###......###.#.#.# #.#
#..[..####...#.# #.#
#..............# #.#
#####.##...#.#.. #.#
#####.#......#.# #.#
#######............... #.#
#......####........... #.#
#......##..[..........


You could see an orc wizard and 2 orcs.

Vanquished Creatures
  A dart slug (D:1)
  An endoplasm (D:1)
  A giant cockroach (D:1)
  3 hobgoblins (D:1)
  5 quokkas (D:1)
  A ball python (D:1)
  2 bats (D:1)
  3 frilled lizards (D:1)
  3 kobolds (D:1)
  5 rats (D:1)
25 creatures vanquished.

Notes
Turn   | Place    | Note
-------+----------+-------------------------------------------
     0 | D:1      | qw the Spriggan Hunter began the quest for the Orb.
     0 | D:1      | Reached XP level 1. HP: 10/10 MP: 2/2
     0 | D:1      | 0 ||| qw: Version: 0.3-a-160-g6735b56
     0 | D:1      | 0 ||| qw: Game counter: 6524
     0 | D:1      | 0 ||| qw: Melee chars always use a shield: true
     0 | D:1      | 0 ||| qw: God list: Okawaru
     0 | D:1      | 0 ||| qw: Allow faded altars: false
     0 | D:1      | 0 ||| qw: Do Orc after clearing Dungeon:15 true
     0 | D:1      | 0 ||| qw: Do second Lair branch before Depths: true
     0 | D:1      | 0 ||| qw: Lair rune preference: random
     0 | D:1      | 0 ||| qw: Goals: Normal
     0 | D:1      | 0 ||| PLANNING D:1-11
    69 | D:1      | Reached skill level 3 in Dodging
   230 | D:1      | Reached XP level 2. HP: 14/14 MP: 3/3
   829 | D:1      | 829 ||| DROPPING scarf of harm.
   830 | D:1      | 830 ||| UPGRADING to amulet of the acrobat.
   835 | D:1      | 835 ||| READING scroll labelled PEYLELU FOYMP.
   836 | D:1      | 836 ||| READING scroll labelled WUENIMOMOQ.
   836 | D:1      | 836 ||| ENCHANTING +0 shortbow.
   837 | D:1      | 837 ||| READING 2 scrolls labelled UGOFIM PIDGHU.
   837 | D:1      | 837 ||| IDENTIFYING pink potion
   838 | D:1      | 838 ||| READING scroll of identify.
   838 | D:1      | 838 ||| IDENTIFYING 2 lumpy blue potions
   839 | D:1      | 839 ||| DROPPING scroll of butterflies.
   840 | D:1      | 840 ||| DROPPING potion of lignification.
   870 | D:2      | 870 ||| STAIRDANCE
   874 | D:2      | 874 ||| STAIRDANCE
   876 | D:1      | Slain by an orc

Levels and vault maps discovered:
D:1:      hellmonk_arrival_library, layout_basic, minmay_misc_feat_nine_boxes,
          minmay_misc_feat_plants, minmay_pentomino_z2
D:2:      layout_rooms, nicolae_elevator_lobby_plus, uniq_sigmund, uniq_natasha,
          uniq_crazy_yiuf_cottage

Skill      XL: |  1  2 |
---------------+-------+-----
Dodging        | 3 4 |  4.0
Fighting       | |  1.5
Ranged Weapons | |  4.4
Stealth        | |  1.5

Action                     || total
---------------------------++-------
   Fire: Shortbow          ||    86
    Use: Scroll            ||     4
 Armour: Robe              ||    17
  Dodge: Dodged            ||    49

Table legend:
 A = Non-vault XP
 B = Vault XP
 C = Vault XP percentage of total XP
 D = Non-vault monster count
 E = Vault monster count
 F = Vault count percentage of total count
                 A         B        C        D         E       F
            +---------+---------+-------+---------+---------+-------
      Total |      37 |       2 |   5.1 |      24 |       1 |   4.0
            +---------+---------+-------+---------+---------+-------
        D:1 |      37 |       2 |   5.1 |      24 |       1 |   4.0
            +---------+---------+-------+---------+---------+-------
